Workbook

Sheet Calculation
A1: PROPERTY TAX LEVY GROWTH QUOTIENT
A2: I.C. 6-1.1-18.5-2
A3: PREPARED: 06/29/2026
A5: Year in which budgets are adopted | B5: 2026
A6: Budgets adopted for | B6: 2027
A8: Step 1a: Determine calendar year Indiana nonfarm | D8: Annual
A9: personal income for each of the six years preceding | D9: Indiana
A10: the year in which a budget is adopted. | D10: Nonfarm | E10: Percent | F10: Change
B11: Year | D11: Personal Income | E11: From | F11: To | G11: Calculation
A12: Step 1b: Calculate the annual percent change for | B12: 0 | C12: 2019 | D12: =AVERAGE('BEA_Personal Income Data'!$E$9:$H$9) -> 325214.67 | E12: =C12-1 -> 2018 | F12: =C12 -> 2019
A13: each of the six years preceding the year in which | B13: 1 | C13: =C12+1 -> 2020 | D13: =AVERAGE('BEA_Personal Income Data'!$I$9:$L$9) -> 348854.85 | E13: =C13-1 -> 2019 | F13: =C13 -> 2020 | G13: =ROUND((D13/D12),3) -> 1.073 | H13: =(D13/D12)-1 -> 0.072690985
A14: a budget is adopted | B14: 2 | C14: =C13+1 -> 2021 | D14: =AVERAGE('BEA_Personal Income Data'!$M$9:$P$9) -> 387068.22 | E14: =C14-1 -> 2020 | F14: =C14 -> 2021 | G14: =ROUND((D14/D13),3) -> 1.11 | H14: =(D14/D13)-1 -> 0.10953947
B15: 3 | C15: =C14+1 -> 2022 | D15: =AVERAGE('BEA_Personal Income Data'!$Q$9:$T$9) -> 397079.38 | E15: =C15-1 -> 2021 | F15: =C15 -> 2022 | G15: =ROUND((D15/D14),3) -> 1.026 | H15: =(D15/D14)-1 -> 0.025864045
B16: 4 | C16: =C15+1 -> 2023 | D16: =AVERAGE('BEA_Personal Income Data'!$U$9:$X$9) -> 418252.95 | E16: =C16-1 -> 2022 | F16: =C16 -> 2023 | G16: =ROUND((D16/D15),3) -> 1.053 | H16: =(D16/D15)-1 -> 0.053323281
B17: 5 | C17: =C16+1 -> 2024 | D17: =AVERAGE('BEA_Personal Income Data'!$Y$9:$AB$9) -> 440648.88 | E17: =C17-1 -> 2023 | F17: =C17 -> 2024 | G17: =ROUND((D17/D16),3) -> 1.054 | H17: =(D17/D16)-1 -> 0.053546365
B18: 6 | C18: =C17+1 -> 2025 | D18: =AVERAGE('BEA_Personal Income Data'!$AC$9:$AF$9) -> 458588.8 | E18: =C18-1 -> 2024 | F18: =C18 -> 2025 | G18: =ROUND((D18/D17),3) -> 1.041 | H18: =(D18/D17)-1 -> 0.040712517
A20: Step 2: Sum the results of Step 1b | B20: =SUM(G13:G18) -> 6.357
A21: Step 3: Divide the results of Step 2 by six | B21: =ROUND(B20/6,3) -> 1.06
A22: Step 4: Determine the lesser of Step 3 or 1.06 | B22: =IF(B21<1.06,$B$21,1.06) -> 1.06
A26: Property Tax Levy Growth Quotient for CY 2027 | B26: =IF(B22>1.06,1.06,B22) -> 1.06 | C26: or | D26: =B26-1 -> 0.06
A28: *HEA 1499-2023 provides a calculation (additioanl steps) to be used in determining the maximum levy growth quotient in 2024 and 2025.
A29: *SEA 1 -2025 extended the additional steps in 2026.
A30: *There was no provision to extend the MLGQ cap for 2027 (SEA1 extended through last year).
A32: BEA data link:
A33: https://www.bea.gov/iTable/index_regional.cfm

Sheet BEA_Personal Income Data
A1: SQINC4 Personal Income by Major Component
A2: =Calculation!A3 -> PREPARED: 06/29/2026
A3: Bureau of Economic Analysis
A4: State or DC
A6: GeoFips | B6: GeoName | C6: LineCode | D6: Description | E6: 2019:Q1 | F6: 2019:Q2 | G6: 2019:Q3 | H6: 2019:Q4 | I6: 2020:Q1 | J6: 2020:Q2 | K6: 2020:Q3 | L6: 2020:Q4 | M6: 2021:Q1 | N6: 2021:Q2 | O6: 2021:Q3 | P6: 2021:Q4 | Q6: 2022:Q1 | R6: 2022:Q2 | S6: 2022:Q3 | T6: 2022:Q4 | U6: 2023:Q1 | V6: 2023:Q2 | W6: 2023:Q3 | X6: 2023:Q4 | Y6: 2024:Q1 | Z6: 2024:Q2 | AA6: 2024:Q3 | AB6: 2024:Q4 | AC6: 2025:Q1 | AD6: 2025:Q2 | AE6: 2025:Q3 | AF6: 2025:Q4 | AG6: 2026:Q1
A7: 18000 | B7: Indiana | D7: Income by place of residence
A8: 18000 | B8: Indiana | C8: 10 | D8: Personal income (millions of dollars, seasonally adjusted) | E8: 322645.6 | F8: 324911 | G8: 327793.6 | H8: 330215.4 | I8: 336074 | J8: 360613.7 | K8: 353436.6 | L8: 356181 | M8: 407463.9 | N8: 381727.3 | O8: 384986.3 | P8: 390058.5 | Q8: 395437.9 | R8: 397959 | S8: 402503.4 | T8: 410394 | U8: 415497.9 | V8: 420567.1 | W8: 424253.4 | X8: 429062.8 | Y8: 438228.8 | Z8: 443825 | AA8: 444111.9 | AB8: 448589.5 | AC8: 457338 | AD8: 460838.6 | AE8: 463538.7 | AF8: 466152.7 | AG8: 470046.5
A9: 18000 | B9: Indiana | C9: 11 | D9: Nonfarm personal income 1 | E9: 321621.3 | F9: 324513.9 | G9: 326138.1 | H9: 328585.4 | I9: 333548.3 | J9: 358765 | K9: 351012.8 | L9: 352093.3 | M9: 404773.1 | N9: 376776 | O9: 380123.6 | P9: 386600.2 | Q9: 391605.1 | R9: 393026.3 | S9: 397695.8 | T9: 405990.3 | U9: 410201.5 | V9: 416267.4 | W9: 420521.3 | X9: 426021.6 | Y9: 435083.4 | Z9: 441041.2 | AA9: 441169.8 | AB9: 445301.1 | AC9: 453033.9 | AD9: 457286.4 | AE9: 460386.1 | AF9: 463648.8 | AG9: 466775.8
A10: 18000 | B10: Indiana | C10: 12 | D10: Farm income 2 | E10: 1024.3 | F10: 397.1 | G10: 1655.4 | H10: 1630.1 | I10: 2525.7 | J10: 1848.7 | K10: 2423.8 | L10: 4087.6 | M10: 2690.7 | N10: 4951.4 | O10: 4862.7 | P10: 3458.3 | Q10: 3832.8 | R10: 4932.6 | S10: 4807.6 | T10: 4403.7 | U10: 5296.4 | V10: 4299.7 | W10: 3732.2 | X10: 3041.2 | Y10: 3145.4 | Z10: 2783.9 | AA10: 2942.1 | AB10: 3288.4 | AC10: 4304.1 | AD10: 3552.2 | AE10: 3152.7 | AF10: 2503.9 | AG10: 3270.7
A11: 18000 | B11: Indiana | C11: 20 | D11: Population (midperiod, persons) 3 | E11: 6748647 | F11: 6756936 | G11: 6767033 | H11: 6776786 | I11: 6783434 | J11: 6787858 | K11: 6794126 | L11: 6800786 | M11: 6802908 | N11: 6809840 | O11: 6818562 | P11: 6825172 | Q11: 6829407 | R11: 6837008 | S11: 6847142 | T11: 6857721 | U11: 6866345 | V11: 6875922 | W11: 6888654 | X11: 6902510 | Y11: 6914379 | Z11: 6927669 | AA11: 6940311 | AB11: 6950741 | AC11: 6958814 | AD11: 6967971 | AE11: 6977041 | AF11: 6983582 | AG11: 6987243
A12: 18000 | B12: Indiana | C12: 30 | D12: Per capita personal income (dollars) 4 | E12: 47809 | F12: 48086 | G12: 48440 | H12: 48727 | I12: 49543 | J12: 53126 | K12: 52021 | L12: 52374 | M12: 59896 | N12: 56055 | O12: 56462 | P12: 57150 | Q12: 57902 | R12: 58207 | S12: 58784 | T12: 59844 | U12: 60512 | V12: 61165 | W12: 61587 | X12: 62160 | Y12: 63379 | Z12: 64066 | AA12: 63990 | AB12: 64538 | AC12: 65721 | AD12: 66137 | AE12: 66438 | AF12: 66750 | AG12: 67272
A13: 18000 | B13: Indiana | D13: Derivation of personal income
A14: 18000 | B14: Indiana | C14: 35 | D14: Earnings by place of work | E14: 227689.2 | F14: 228753.3 | G14: 230892.7 | H14: 233166.3 | I14: 238415.2 | J14: 220862.9 | K14: 240437.4 | L14: 248439.2 | M14: 250037.1 | N14: 258485.1 | O14: 263572.2 | P14: 270794.9 | Q14: 275180.1 | R14: 276546.2 | S14: 280978.8 | T14: 279570.1 | U14: 287577.2 | V14: 288964.3 | W14: 292823.3 | X14: 295776.5 | Y14: 301551.1 | Z14: 306592.1 | AA14: 306293.5 | AB14: 310297.7 | AC14: 316976.9 | AD14: 317252.3 | AE14: 318520.5 | AF14: 321856.4 | AG14: 325270.3
A15: 18000 | B15: Indiana | C15: 36 | D15: Less: Contributions for government social insurance 5 | E15: 25605.8 | F15: 25792.7 | G15: 25924.8 | H15: 26334 | I15: 27143.4 | J15: 25764.8 | K15: 27248.8 | L15: 27879.8 | M15: 27892.1 | N15: 28506.7 | O15: 28999 | P15: 29957.2 | Q15: 30429.8 | R15: 30634.7 | S15: 31286.1 | T15: 31317.3 | U15: 31772.7 | V15: 32160 | W15: 32778.3 | X15: 33205.1 | Y15: 33850 | Z15: 34449.3 | AA15: 34277.8 | AB15: 34633.1 | AC15: 35507.4 | AD15: 35580.2 | AE15: 35779.2 | AF15: 36238.1 | AG15: 36959.5
A16: 18000 | B16: Indiana | C16: 37 | D16: Employee and self-employed contributions for government social insurance | E16: 13943 | F16: 14077.6 | G16: 14197.8 | H16: 14466.3 | I16: 14954.9 | J16: 14142.3 | K16: 14939.7 | L16: 15300.7 | M16: 15395.3 | N16: 15705.1 | O16: 15918.5 | P16: 16376.1 | Q16: 16950.8 | R16: 17031.2 | S16: 17342.3 | T16: 17367.2 | U16: 17600.6 | V16: 17813.3 | W16: 18130.6 | X16: 18337 | Y16: 18828.9 | Z16: 19127.1 | AA16: 18990.1 | AB16: 19157.4 | AC16: 19666 | AD16: 19721.2 | AE16: 19791.6 | AF16: 20049.3 | AG16: 20629.6
A17: 18000 | B17: Indiana | C17: 38 | D17: Employer contributions for government social insurance | E17: 11662.7 | F17: 11715 | G17: 11727 | H17: 11867.7 | I17: 12188.5 | J17: 11622.6 | K17: 12309.2 | L17: 12579.1 | M17: 12496.8 | N17: 12801.6 | O17: 13080.5 | P17: 13581.1 | Q17: 13479 | R17: 13603.5 | S17: 13943.7 | T17: 13950.1 | U17: 14172.1 | V17: 14346.7 | W17: 14647.8 | X17: 14868.1 | Y17: 15021.1 | Z17: 15322.1 | AA17: 15287.8 | AB17: 15475.7 | AC17: 15841.4 | AD17: 15859.1 | AE17: 15987.6 | AF17: 16188.8 | AG17: 16329.8
A18: 18000 | B18: Indiana | C18: 42 | D18: Plus: Adjustment for residence 6 | E18: 7222.7 | F18: 7212.4 | G18: 7247.6 | H18: 7304.3 | I18: 7795.2 | J18: 7304.2 | K18: 7562.2 | L18: 7727.3 | M18: 6968.6 | N18: 7027.1 | O18: 7163.2 | P18: 7347.5 | Q18: 7776.9 | R18: 7873.3 | S18: 8030.9 | T18: 8127.4 | U18: 8329.9 | V18: 8417.7 | W18: 8507 | X18: 8582.2 | Y18: 8212.5 | Z18: 8240.1 | AA18: 8430 | AB18: 8492.4 | AC18: 8428.8 | AD18: 8707.1 | AE18: 8770.5 | AF18: 8708.4 | AG18: 8744.5
A19: 18000 | B19: Indiana | C19: 45 | D19: Equals: Net earnings by place of residence | E19: 209306 | F19: 210173.1 | G19: 212215.5 | H19: 214136.6 | I19: 219067 | J19: 202402.3 | K19: 220750.9 | L19: 228286.7 | M19: 229113.6 | N19: 237005.5 | O19: 241736.4 | P19: 248185.2 | Q19: 252527.2 | R19: 253784.7 | S19: 257723.6 | T19: 256380.2 | U19: 264134.4 | V19: 265222 | W19: 268552 | X19: 271153.7 | Y19: 275913.7 | Z19: 280382.9 | AA19: 280445.7 | AB19: 284157.1 | AC19: 289898.3 | AD19: 290379.1 | AE19: 291511.8 | AF19: 294326.7 | AG19: 297055.4
A20: 18000 | B20: Indiana | C20: 46 | D20: Plus: Dividends, interest, and rent 7 | E20: 50602.4 | F20: 51262.4 | G20: 51470 | H20: 51601.8 | I20: 51424.3 | J20: 50927.6 | K20: 51394 | L20: 53691.5 | M20: 55797.7 | N20: 58267.2 | O20: 59563.3 | P20: 60216.4 | Q20: 59754.1 | R20: 60643.5 | S20: 61817.2 | T20: 64039 | U20: 67014 | V20: 69283.3 | W20: 70305.3 | X20: 71743.4 | Y20: 72293.7 | Z20: 72469.8 | AA20: 72316.4 | AB20: 72672.6 | AC20: 73410.8 | AD20: 73579.9 | AE20: 73662.9 | AF20: 73931 | AG20: 74660.1
A21: 18000 | B21: Indiana | C21: 47 | D21: Plus: Personal current transfer receipts | E21: 62737.1 | F21: 63475.5 | G21: 64108.1 | H21: 64477 | I21: 65582.7 | J21: 107283.9 | K21: 81291.7 | L21: 74202.8 | M21: 122552.6 | N21: 86454.5 | O21: 83686.6 | P21: 81657 | Q21: 83156.6 | R21: 83530.7 | S21: 82962.6 | T21: 89974.8 | U21: 84349.5 | V21: 86061.9 | W21: 85396 | X21: 86165.8 | Y21: 90021.5 | Z21: 90972.4 | AA21: 91349.8 | AB21: 91759.8 | AC21: 94028.9 | AD21: 96879.6 | AE21: 98364 | AF21: 97895.1 | AG21: 98331
A22: 18000 | B22: Indiana | D22: Components of earnings by place of work
A23: 18000 | B23: Indiana | C23: 50 | D23: Wages and salaries | E23: 159387.5 | F23: 160479.4 | G23: 161121.9 | H23: 163476 | I23: 164523 | J23: 153009.5 | K23: 163942.2 | L23: 169862.4 | M23: 169935.2 | N23: 175095.5 | O23: 179095.9 | P23: 185832.1 | Q23: 190118.7 | R23: 191412.7 | S23: 195743.1 | T23: 195414.9 | U23: 197383.4 | V23: 199472 | W23: 203191.4 | X23: 205755.8 | Y23: 209586.5 | Z23: 213682.8 | AA23: 212784.6 | AB23: 215304 | AC23: 219498.2 | AD23: 220305.2 | AE23: 221548.8 | AF23: 224523.2 | AG23: 227098.8
A24: 18000 | B24: Indiana | C24: 60 | D24: Supplements to wages and salaries | E24: 37553.6 | F24: 37687.1 | G24: 37765.8 | H24: 37988.3 | I24: 38162.4 | J24: 36062.5 | K24: 38375.1 | L24: 39284.4 | M24: 39159.1 | N24: 39561.6 | O24: 39791.4 | P24: 40660.8 | Q24: 40689.4 | R24: 40872.1 | S24: 41361.7 | T24: 41530.8 | U24: 42531.3 | V24: 43090.4 | W24: 43967.9 | X24: 44774.2 | Y24: 45821 | Z24: 46601.4 | AA24: 46633.5 | AB24: 47081.2 | AC24: 48155.3 | AD24: 48431.8 | AE24: 48759.7 | AF24: 49473.9 | AG24: 49910.7
A25: 18000 | B25: Indiana | C25: 61 | D25: Employer contributions for employee pension and insurance funds 8 | E25: 25890.8 | F25: 25972.1 | G25: 26038.8 | H25: 26120.6 | I25: 25973.8 | J25: 24439.9 | K25: 26065.9 | L25: 26705.3 | M25: 26662.3 | N25: 26760 | O25: 26711 | P25: 27079.7 | Q25: 27210.4 | R25: 27268.6 | S25: 27417.9 | T25: 27580.7 | U25: 28359.2 | V25: 28743.8 | W25: 29320.1 | X25: 29906.1 | Y25: 30800 | Z25: 31279.3 | AA25: 31345.7 | AB25: 31605.5 | AC25: 32313.9 | AD25: 32572.7 | AE25: 32772.1 | AF25: 33285.1 | AG25: 33580.9
A26: 18000 | B26: Indiana | C26: 62 | D26: Employer contributions for government social insurance | E26: 11662.7 | F26: 11715 | G26: 11727 | H26: 11867.7 | I26: 12188.5 | J26: 11622.6 | K26: 12309.2 | L26: 12579.1 | M26: 12496.8 | N26: 12801.6 | O26: 13080.5 | P26: 13581.1 | Q26: 13479 | R26: 13603.5 | S26: 13943.7 | T26: 13950.1 | U26: 14172.1 | V26: 14346.7 | W26: 14647.8 | X26: 14868.1 | Y26: 15021.1 | Z26: 15322.1 | AA26: 15287.8 | AB26: 15475.7 | AC26: 15841.4 | AD26: 15859.1 | AE26: 15987.6 | AF26: 16188.8 | AG26: 16329.8
A27: 18000 | B27: Indiana | C27: 70 | D27: Proprietors' income 9 | E27: 30748.1 | F27: 30586.8 | G27: 32005 | H27: 31702 | I27: 35729.9 | J27: 31790.9 | K27: 38120.2 | L27: 39292.5 | M27: 40942.8 | N27: 43827.9 | O27: 44684.8 | P27: 44302 | Q27: 44372.1 | R27: 44261.4 | S27: 43874 | T27: 42624.4 | U27: 47662.5 | V27: 46401.8 | W27: 45664.1 | X27: 45246.5 | Y27: 46143.6 | Z27: 46307.9 | AA27: 46875.4 | AB27: 47912.5 | AC27: 49323.5 | AD27: 48515.3 | AE27: 48211.9 | AF27: 47859.2 | AG27: 48260.8
A28: 18000 | B28: Indiana | C28: 71 | D28: Farm proprietors' income | E28: 654.7 | F28: 23.9 | G28: 1275.4 | H28: 1240 | I28: 2127.3 | J28: 1443.8 | K28: 2016.8 | L28: 3683.7 | M28: 2335.9 | N28: 4596.9 | O28: 4501.6 | P28: 3083.5 | Q28: 3377.8 | R28: 4454.8 | S28: 4307.9 | T28: 3882.7 | U28: 4634.5 | V28: 3617.6 | W28: 3034.5 | X28: 2332.4 | Y28: 2499.3 | Z28: 2132.1 | AA28: 2284.6 | AB28: 2625.2 | AC28: 3635.3 | AD28: 2879.4 | AE28: 2477.6 | AF28: 1822.3 | AG28: 2580.3
A29: 18000 | B29: Indiana | C29: 72 | D29: Nonfarm proprietors' income | E29: 30093.3 | F29: 30563 | G29: 30729.7 | H29: 30461.9 | I29: 33602.6 | J29: 30347.1 | K29: 36103.4 | L29: 35608.8 | M29: 38606.9 | N29: 39231 | O29: 40183.2 | P29: 41218.4 | Q29: 40994.3 | R29: 39806.6 | S29: 39566.1 | T29: 38741.7 | U29: 43028 | V29: 42784.2 | W29: 42629.6 | X29: 42914.1 | Y29: 43644.3 | Z29: 44175.8 | AA29: 44590.9 | AB29: 45287.3 | AC29: 45688.2 | AD29: 45635.9 | AE29: 45734.3 | AF29: 46037 | AG29: 45680.5
A30: Legend / Footnotes:
A31: 1. Nonfarm personal income is total personal income less farm income.
A32: 2. Farm income is farm earnings less farm employer contributions for government social insurance.
A33: 3. Midquarter population estimates by state are derived by BEA based on unpublished U.S. Census Bureau estimates of beginning-of-month population.
A34: 4. Per capita personal income is total personal income divided by total quarterly population estimates.
A35: 5. Employer contributions for government social insurance are included in earnings by industry and earnings by place of work, but they are excluded from net earnings by place of residence and personal income. Employee and self-employed contributions are subtractions in the calculation of net earnings by place of residence and all of the income measures.
A36: 6. The adjustment for residence is the net inflow of the earnings of interarea commuters. For the United States, it consists of adjustments for border workers and US residents employed by international organizations and foreign embassies.
A37: 7. Rental income of persons includes the capital consumption adjustment.
A38: 8. Includes actual employer contributions and actuarially imputed employer contributions to reflect benefits accrued by defined benefit pension plan participants through service to employers in the current period.
A39: 9. Proprietors' income includes the inventory valuation adjustment and the capital consumption adjustment.
A40: Note-- Millions of dollars, seasonally adjusted at annual rates. All dollar estimates are in current dollars (not adjusted for inflation). Calculations are performed on unrounded data.
A41: Last updated: June 25, 2026-- new statistics for 2026:Q1; revised statistics for 2025:Q1-2025:Q4.
